 Dungeon Crawl Stone Soup version 0.20.1-1-g8b1a95d66d (webtiles) character file.

45 HessuHobo the Magician (level 3, -2/21 HPs)
             Began as an Octopode Wizard on Oct 27, 2017.
             Slain by a hobgoblin
             ... wielding a +0 club
             ... led by Robin
              (3 damage)
             ... on level 1 of the Dungeon on Nov 14, 2017.
             The game lasted 00:09:26 (1283 turns).

HessuHobo the Magician (Octopode Wizard)            Turns: 1283, Time: 00:09:26

Health: -2/21      AC:  1    Str:  6    XL:     3   Next: 64%
Magic:  1/8        EV: 13    Int: 21    God:
Gold:   42         SH:  0    Dex: 10    Spells: 8/9 levels left

rFire    . . .     SeeInvis .   (no weapon)
rCold    . . .     Gourm    .   (no shield)
rNeg     . . .     Faith    .   a - +0 hat
rPois    .         Spirit   .   (no amulet)
rElec    .         Reflect  .   (no ring)
rCorr    .         Harm     .   (no ring)
MR       .....                  (no ring)
Stlth    +++.......             (no ring)
Regen    0.1/turn               (no ring)
MPRegen  0.2/turn               (no ring)
                                (no ring)
                                (no ring)

@: no status effects
A: almost no armour, stealthy swim, amphibious, 8 rings, constrict 8, camouflage
1, gelatinous body 1
a: no special abilities


You were on level 1 of the Dungeon.
You were very hungry.

You visited 1 branch of the dungeon, and saw 2 of its levels.

You collected 42 gold pieces.

Inventory:

Armour
 a - a +0 hat (worn)
Scrolls
 e - 2 scrolls of identify
 f - a scroll of enchant armour {unknown}
 i - a scroll of recharging {unknown}
Potions
 d - 2 potions of agility {unknown}
 h - a potion of degeneration {unknown}
 j - 2 potions of curing {unknown}
Books
 b - a book of Minor Magic

   Spells                             Type                      Level
   a - Magic Dart                     Conjuration                  1
   b - Blink                          Translocation                2
   c - Call Imp                       Summoning                    2
   d - Slow                           Hexes                        2
   e - Conjure Flame                  Conjuration/Fire             3
   f - Mephitic Cloud                 Conjuration/Poison/Air       3
Comestibles
 c - a bread ration
 g - 2 meat rations


   Skills:
 + Level 2.2 Dodging
 + Level 3.6 Stealth
 + Level 0.2 Unarmed Combat
 + Level 3.7 Spellcasting
 + Level 1.1 Conjurations
   Level 1.0 Summonings
   Level 1.0 Translocations


You had 8 spell levels left.
You knew the following spells:

 Your Spells              Type           Power        Failure   Level  Hunger
a - Magic Dart            Conj           #...         8%          1    None


Dungeon Overview and Level Annotations

Branches:
Dungeon (2/15)

Altars:
Nemelex Xobeh


Innate Abilities, Weirdness & Mutations

You cannot wear most types of armour.
You are very stealthy in the water. (Stealth+)
You are amphibious.
You can wear up to eight rings at the same time.
You can use your tentacles to constrict eight enemies at once.
Your skin changes colour to match your surroundings (Stealth+).
Your rubbery body absorbs attacks. (AC +1, EV +1)


Message History

* * * LOW HITPOINT WARNING * * *
You climb upwards.
There is a stone staircase leading down here.
As you read the scroll labeled UMEFAT SEONOSK, it crumbles to dust.
It is a scroll of identify.
Really abort (and waste the scroll)? [Y]es or [N]o only, please.
Really abort (and waste the scroll)? [Y]es or [N]o only, please.
Really abort (and waste the scroll)? [Y]es or [N]o only, please.
Really abort (and waste the scroll)?
Okay, then.
The hobgoblin closely misses you.
You tentacle-slap the hobgoblin but do no damage.
You grab the hobgoblin.
The hobgoblin is heavily wounded.
You constrict the hobgoblin, but do no damage.
The hobgoblin hits you with a club.
You die...

##########......#######.....
#....................#......
#....................#......
#...........................
#...................########
##...................########
#....................####§###
#....#####.####......###§§§##
#...........@........##§.§§.#
#....####.##g##......###.§§##
#....# #.##.##.#########§###
###### #............########
#####..........#≈......
#####...+..........########
#......##.......#####.§§§§#
#...............##.##§§§§§#
##.......##.........##§§§§.#


You could see a hobgoblin.

Vanquished Creatures
  3 oozes (D:1)
  2 leopard geckos (D:1)
  2 giant cockroaches (D:1)
  3 goblins
  4 hobgoblins
  5 bats (D:1)
  2 frilled lizards (D:1)
  2 kobolds (D:1)
  8 rats (D:1)
31 creatures vanquished.

Notes
Turn   | Place    | Note
-------+----------+-------------------------------------------
     0 | D:1      | HessuHobo the Octopode Wizard began the quest for the Orb.
     0 | D:1      | Reached XP level 1. HP: 11/11 MP: 4/4
     1 | D:1      | Upgraded the game from 0.20.1-1-g8b1a95d to 0.20.1-1-g8b1a95d66d
   274 | D:1      | Reached XP level 2. HP: 14/17 MP: 0/6
   436 | D:1      | Found a sparkling altar of Nemelex Xobeh.
   572 | D:1      | Reached XP level 3. HP: 18/21 MP: 1/8
  1280 | D:2      | HP: 1/21 [hobgoblin/club[Robin] (4)]
  1283 | D:1      | Slain by a hobgoblin

Skill      XL: |  1  2 |
---------------+-------+-----
Stealth        | 3 |  3.6
Dodging        | |  2.2
Unarmed Combat | |  0.2
Spellcasting   | |  3.7
Conjurations   | |  1.1
Summonings     | |  1.0
Translocations | |  1.0

Action                   || total
-------------------------++-------
Melee: Unarmed           ||    50
       Tentacles         ||    11
       Constrict         ||    12
 Cast: Magic Dart        ||    61
  Use: Scroll            ||     1
 Stab: Sleeping          ||     3
       Distracted        ||     1
Armor: Skin              ||     8
Dodge: Dodged            ||    33
